Map: King's Cove LE

Players

Astrea - Winner!

  • Race: Protoss Protoss
  • League: Grandmaster
  • Spawn Location: 11:00

ROGMeomaika (MeomaikA)

  • Race: Zerg Zerg
  • League: Master
  • Spawn Location: 5:00

Event: 2019 WCS Winter Americas

VOD

Have the link to the VOD?

Description

Time

  • Played on: Feb. 8, 2019, 3:17 p.m.
  • Length: 8:11

All games in this series

Show
View Real Time Build Order
Export as new Build Order

Astrea Protoss - Winner!

Build Orders: 1 Gate Expand 

Get SALT Encoding   

  12  0:00  Probe  
  13  0:12  Probe  
  14  0:19  Pylon  
  14  0:24  Probe  
  15  0:33  Probe  
  15  0:39  Gateway  
  15  0:41  Probe  
  16  0:49  Assimilator  
  17  0:52  Probe  
  18  1:04  Probe  
  19  1:16  Probe  
  20  1:26  Nexus  
  20  1:35  Cybernetics Core  
  20  1:43  Zealot  
  22  1:49  Pylon  
  22  1:51  Probe  
  23  2:02  Assimilator  
  23  2:03  Stalker  
  23  2:07  Probe  
  24  2:11  Warp Gate  
  26  2:18  Probe  
  27  2:26  Probe  
  26  2:34  Probe  
  26  2:35  Probe  
  26  2:36  Sentry  
  29  2:43  Gateway  
  31  2:45  Probe  
  31  2:46  Probe  
  33  2:57  Probe  
  33  2:58  Probe  
  37  3:09  Probe  
  37  3:10  Probe  
  39  3:20  Twilight Council, Probe  
  39  3:22  Probe  
  39  3:27  Robotics Facility  
  39  3:28  Probe  
  41  3:34  Probe, Pylon  
  41  3:36  Probe  
  42  3:46  Probe  
  42  3:47  Charge, Probe  
  44  3:58  Probe  
  44  3:59  Probe  
  46  4:03  Gateway  
  46  4:04  Gateway  
  46  4:08  Warp Prism  
  46  4:10  Probe, Pylon  
  46  4:11  Probe  
  46  4:12  Adept x2  
  54  4:25  Pylon  
  54  4:26  Assimilator  
  54  4:28  Probe  
  54  4:29  Assimilator  
  55  4:31  Probe  
  56  4:40  Probe  
  56  4:44  Probe  
  56  4:47  Zealot  
  58  4:55  Probe  
  58  4:59  Templar Archives  
  59  5:03  Observer  
  59  5:12  Zealot x4  
  68  5:15  Pylon  
  68  5:17  Pylon  
  68  5:21  Forge  
  68  5:22  Warp Prism  
  68  5:24  Probe x2  
  72  5:36  Psionic Storm  
  72  5:37  High Templar x2  
  72  5:47  Immortal, Gateway  
  72  5:48  Protoss Ground Weapons Level 1, Gateway  
  72  5:56  Gateway  
  72  5:58  Gateway  
  76  6:04  Zealot x2  
  80  6:12  Pylon  
  80  6:17  Zealot  
  80  6:18  Zealot  
  84  6:22  Pylon  
  84  6:23  Immortal  
  84  6:24  Shield Battery  
  84  6:25  Shield Battery  
  88  6:45  Zealot x5  
  88  6:46  Zealot  
  100  6:56  Sentry  
  102  7:02  Pylon  
  102  7:04  Pylon  
  102  7:14  Immortal  
  106  7:23  Zealot x2  
  106  7:24  Zealot x4  
  102  7:30  Zealot x2  
  84  7:44  Zealot x4  
  84  7:45  Zealot, Sentry  
  90  7:58  Sentry  
  94  8:07  Archon  
Show
View Real Time Build Order
Export as new Build Order

ROGMeomaika Zerg 

Build Orders: Pool First 

Get SALT Encoding   

  12  0:00  Drone  
  13  0:08  Drone  
  14  0:17  Overlord  
  14  0:24  Extractor  
  14  0:25  Drone  
  15  0:36  Drone x2  
  17  0:46  Spawning Pool  
  17  0:48  Drone  
  17  1:10  Hatchery  
  16  1:11  Drone  
  16  1:15  Drone  
  16  1:17  Extractor  
  17  1:33  Queen, Zergling x4  
  17  1:37  Drone  
  22  1:48  Overlord  
  22  2:09  Queen, Drone  
  22  2:11  Drone  
  26  2:17  Metabolic Boost  
  26  2:22  Drone x2  
  28  2:31  Drone  
  28  2:34  Drone  
  30  2:47  Drone  
  30  2:49  Hatchery, Drone  
  31  2:52  Drone  
  31  2:55  Drone  
  33  3:00  Drone x2  
  33  3:03  Zergling x2  
  36  3:09  Overlord  
  36  3:13  Overlord  
  36  3:18  Overlord  
  36  3:22  Overlord  
  36  3:32  Drone x5  
  41  3:34  Drone  
  41  3:37  Extractor  
  41  3:38  Drone  
  42  3:43  Drone  
  42  3:51  Overlord, Drone  
  42  3:54  Drone x2  
  42  3:55  Drone x2  
  46  4:01  Roach Warren  
  46  4:02  Zergling x2  
  46  4:03  Zergling x2  
  46  4:05  Zergling x2  
  46  4:07  Zergling x2  
  49  4:12  Queen  
  49  4:16  Drone x2  
  53  4:18  Drone  
  53  4:22  Zergling x4  
  56  4:26  Drone x2  
  56  4:27  Drone  
  56  4:29  Overlord  
  58  4:42  Roach x5  
  58  4:43  Roach  
  58  4:45  Roach  
  70  4:47  Roach  
  72  4:53  Zergling x2  
  72  4:55  Zergling x4  
  72  4:58  Zergling x6  
  78  5:00  Zergling x2, Spine Crawler  
  78  5:01  Zergling x2  
  78  5:03  Zergling x2  
  80  5:07  Zergling x2  
  80  5:12  Overlord x2  
  81  5:23  Overlord  
  81  5:34  Roach, Zergling x18  
  81  5:35  Zergling x4  
  93  5:43  Ravager x7  
  93  5:44  Ravager  
  93  5:45  Zergling x8  
  93  5:46  Queen x2  
  103  5:53  Drone x2  
  103  5:56  Drone x2  
  106  5:57  Overlord  
  106  6:16  Ravager  
  106  6:17  Zergling x14  
  114  6:23  Overlord  
  114  6:26  Lair  
  114  6:31  Overlord  
  112  6:42  Zergling x14  
  112  6:44  Queen  
  112  6:45  Zergling x2  
  119  6:55  Zergling x10  
  119  6:56  Zergling x2  
  119  6:58  Zergling x6  
  118  7:08  Hatchery  
  118  7:10  Zergling x4  
  118  7:13  Zergling x2  
  106  7:27  Zergling x6  
  106  7:29  Zergling x2  
  93  7:30  Zergling x12  
  93  7:31  Zergling x2  
  93  7:32  Queen x2  
  89  7:40  Zergling x2  
  89  7:41  Zergling x4  
  83  7:45  Zergling x4  
  83  7:47  Zergling x2  
  83  7:51  Zergling x2  
Tags
 
Add a new tag
Caveats
  • Supply blocks, unpowered buildings, or Contaminate may cause inaccurate times.
  • Supply counts are checked every 10 seconds.